 Dungeon Crawl Stone Soup version 0.30.1 (webtiles) character file.

Game seed: 14533456445110330819

37 shmup the Gusty (level 3, 0/20 HPs)
             Began as a Tengu Air Elementalist on July 10, 2023.
             Slain by a jackal (1 damage)
             ... on level 2 of the Dungeon.
             The game lasted 00:03:05 (901 turns).

shmup the Gusty (Tengu Air Elementalist)             Turns: 901, Time: 00:03:06

Health: 0/20       AC:  2    Str:  8    XL:     3   Next: 39%
Magic:  1/7        EV: 12    Int: 17    God:
Gold:   37         SH:  0    Dex: 14    Spells: 3/6 levels left

rFire   . . .        d - +0 dagger
rCold   . . .        (no shield)
rNeg    . . .        a - +0 robe
rPois   .            (helmet restricted)
rElec   .            (no cloak)
rCorr   +            (no gloves)
SInv    .            (boots unavailable)
Will    .....        (no amulet)
Stlth   ++           c - ring of resist corrosion
HPRegen 0.23/turn    (no ring)
MPRegen 0.10/turn

%: no passive effects
@: no status effects
A: beak, talons 3
a: no special abilities


You were on level 2 of the Dungeon.
You visited 1 branch of the dungeon, and saw 2 of its levels.

You collected 37 gold pieces.

Inventory:

Hand Weapons
 d - a +0 dagger (weapon)
Missiles
 g - 5 poisoned darts (quivered)
 h - 11 stones
Armour
 a - a +0 robe (worn)
Jewellery
 c - a ring of resist corrosion (left hand)
Scrolls
 e - 2 scrolls of identify {unknown}
 f - a scroll of enchant weapon {unknown}
 i - 2 scrolls of teleportation {unknown}
Potions
 b - a potion of magic


   Skills:
 * Level 0.8 Fighting
 + Level 2.5 Dodging
 + Level 2.4 Stealth
 + Level 2.2 Spellcasting
 + Level 2.1 Conjurations
 * Level 4.4 Air Magic


You had 3 spell levels left.
You knew the following spells:

 Your Spells              Type           Power      Damage    Failure   Level
a - Shock                 Conj/Air       52%        1d6       4%          1
b - Static Discharge      Conj/Air       26%        2-4/arc   8%          2

Your spell library contained the following spells:

 Spells                   Type           Power      Damage    Failure   Level
 Swiftness                Air            17%        N/A       9%          3
 Airstrike                Air            8%         2d(2-18)  30%         4


Dungeon Overview and Level Annotations

Branches:
Dungeon (2/15)

Altars:

Shops:
D:1 (


Innate Abilities, Weirdness & Mutations

You have a beak for a mouth.
You have claws for feet.


Message History

The adder is almost dead.
You are struck by an arc of lightning.
* * * LOW HITPOINT WARNING * * *
The lightning grounds out.
* * * LOW HITPOINT WARNING * * *
You feel sick. The adder closely misses you.
Unknown command.
Casting: Static Discharge (safe; 8% risk of failure)
Confirm with . or Enter, or press ? or * to list all spells.
Aiming: Shock (safe; 4% risk of failure)
Press: ? - help, Shift-Dir - straight line, f - adder
Aim: an adder (almost dead, 48% to hit)
Okay, then.
Casting: Shock (safe; 4% risk of failure)
Confirm with . or Enter, or press ? or * to list all spells.
Aiming: Shock (safe; 4% risk of failure)
Press: ? - help, Shift-Dir - straight line, f - adder
Aim: an adder (almost dead, 48% to hit)
The zap misses the adder.
* * * LOW HITPOINT WARNING * * *
You feel sick. The adder barely misses you.
Unknown command.
Casting: Shock (safe; 4% risk of failure)
Confirm with . or Enter, or press ? or * to list all spells.
The adder is struck by an arc of lightning.
You kill the adder!
The jackal is struck by an arc of lightning.
The jackal is almost dead.
The lightning grounds out.
You feel sick.
Okay, then.
You feel sick.
You feel sick.
You feel sick.
You feel sick. The jackal attacks as you move away! The jackal bites you.
* * * LOW HITPOINT WARNING * * *
x2 You feel sick.
You are no longer poisoned.
The jackal bites you.
You die... ..... hh.

▒h▒ ▒▒.▒▒▒▒▒▒.▒
..........▒
.▒.▒▒▒▒▒..▒▒
▒▒..h▒▒
..▒▒▒▒.....▒▒▒▒
...........hQ.▒
▒▒▒▒▒▒▒..▒▒.▒<▒
▒..▒▒..........
▒..▒▒▒▒.▒▒▒▒▒▒▒
...▒ ▒.▒ ▒▒...
..▒ ▒▒.▒ ... .▒
▒▒▒


You could see 2 jackals.

Vanquished Creatures
  An adder (D:2)
  A dart slug (D:1)
  2 ball pythons (D:1)
  2 bats (D:1)
  3 endoplasms (D:1)
  3 goblins (D:1)
  A hobgoblin (D:1)
  2 quokkas (D:1)
  3 frilled lizards (D:1)
  3 kobolds (D:1)
  3 rats (D:1)
24 creatures vanquished.

Notes
Turn   | Place    | Note
-------+----------+-------------------------------------------
     0 | D:1      | shmup the Tengu Air Elementalist began the quest for the
                  | Orb.
     0 | D:1      | Reached XP level 1. HP: 10/10 MP: 4/4
   151 | D:1      | Reached XP level 2. HP: 14/15 MP: 6/6
   589 | D:1      | Found Mobreutz's Antique Weapon Shoppe.
   700 | D:1      | Reached XP level 3. HP: 19/20 MP: 4/7
   708 | D:1      | Learned a level 2 spell: Static Discharge
   900 | D:2      | HP: 1/20 [jackal (1)]
   901 | D:2      | Slain by a jackal

Illustrated notes

Levels and vault maps discovered:
D:1:      dpeg_arrival_central, layout_loops_ring, serial_shops,
          nicolae_shop_dealshenge
D:2:      layout_loops_corners, basic_altar, minmay_mini_jars, uniq_sigmund

Skill      XL: |  1  2 |
---------------+-------+-----
Conjurations   | 2 |  2.1
Fighting       | |  0.8
Dodging        | |  2.5
Stealth        | |  2.4
Spellcasting   | |  2.2
Air Magic      | |  4.4

Action                     || total
---------------------------++-------
  Melee: Unarmed           ||     5
         Dagger            ||    25
         Peck              ||     5
         Kick              ||     5
   Cast: Shock             ||    23
         Static Discharge  ||     4
 Armour: Robe              ||     5
  Dodge: Dodged            ||    30
